 Dungeon Crawl Stone Soup version 0.30.0-10-gfe55d96785 (webtiles) character file.

Game seed: 2532364956415746042

315 browni3141 the Cudgeller (level 6, -1/44 HPs)
             Began as a Barachi Earth Elementalist on May 13, 2023.
             Slain by an iguana (8 damage)
             ... on level 5 of the Dungeon.
             The game lasted 00:05:25 (4538 turns).

browni3141 the Cudgeller (BaEE)                     Turns: 4538, Time: 00:05:25

Health: -1/44      AC:  4    Str:  9    XL:     6   Next: 44%
Magic:  4/10       EV: 12    Int: 18    God:
Gold:   214        SH:  4    Dex: 12    Spells: 5/11 levels left

rFire   . . .        n - +0 whip (elec)
rCold   . . .        L - +0 buckler
rNeg    . . .        a - +0 robe
rPois   .            N - +2 hat {Will+}
rElec   .            (no cloak)
rCorr   .            (no gloves)
SInv    .            (no boots)
Will    +....        (no amulet)
Stlth   ++           (no ring)
HPRegen 0.27/turn    (no ring)
MPRegen 0.12/turn

%: no passive effects
@: unable to hop, slow
A: amphibious, slowness 1, strong legs 1, +LOS
a: Hop


You were on level 5 of the Dungeon.
You visited 1 branch of the dungeon, and saw 6 of its levels.

You collected 240 gold pieces.
You spent 26 gold pieces at shops.

Inventory:

Hand Weapons
 n - a +0 whip of electrocution (weapon)
Missiles
 J - 3 poisoned darts
 R - 5 curare-tipped darts
 T - 5 boomerangs
Armour
 a - a +0 robe (worn)
 L - a +0 buckler (worn)
 N - a +2 hat of willpower (worn)
Magical Staves
 v - a staff of earth
 K - a staff of fire
Jewellery
 Q - a ring of flight
Scrolls
 q - 3 scrolls of amnesia
 r - 2 scrolls of identify
 s - 2 scrolls of poison
 u - 2 scrolls of brand weapon {unknown}
 w - a scroll of vulnerability {unknown}
 z - a scroll of torment {unknown}
 M - 2 scrolls of butterflies {unknown}
 P - a scroll of teleportation {unknown}
 U - a scroll of enchant armour {unknown}
 V - a scroll of fear {unknown}
Potions
 m - a potion of magic
 o - 2 potions of mutation
 p - 4 potions of heal wounds {unknown}
 t - a potion of haste {unknown}
 x - 2 potions of might {unknown}
 y - a potion of lignification {unknown}
 C - a potion of curing
 O - a potion of attraction {unknown}


   Skills:
 - Level 2.0 Fighting
 * Level 3.9 Maces & Flails
 - Level 3.0 Dodging
 - Level 2.0 Stealth
 * Level 2.1 Shields
 - Level 3.0 Spellcasting
 - Level 2.0 Transmutations
 * Level 3.7 Earth Magic


You had 5 spell levels left.
You knew the following spells:

 Your Spells              Type           Power      Damage    Failure   Level
a - Sandblast             Erth           32%        2d9       5%          1
b - Stone Arrow           Conj/Erth      18%        3d8       34%         3
P - Passwall              Tmut/Erth      10%        N/A       12%         2

Your spell library contained the following spells:

 Spells                   Type           Power      Damage    Failure   Level
 Summon Small Mammal      Summ           8%         N/A       24%         1
 Call Canine Familiar     Summ           2%         N/A       58%         3
 Ozocubu's Armour         Ice            2%         N/A       58%         3
 Summon Guardian Golem    Hex/Summ       2%         N/A       58%         3
 Petrify                  Tmut/Erth      12%        N/A       58%         4
 Ozocubu's Refrigeration  Ice            1%         4d7       100%        7


Dungeon Overview and Level Annotations

Branches:
Dungeon (6/15)
 Temple: D:4-7

Altars:
Ashenzari
Hepliaklqana
Qazlal
Ru
Trog
Yredelemnul
Zin

Shops:
D:1 ?

Annotations:
D:3 1 runed translucent door, Terence
D:5 Edmund


Innate Abilities, Weirdness & Mutations

You are amphibious.
You cover ground slowly.
You can hop short distances.
You have an extended range of vision and can be seen from far away.


Message History

You closely miss the white imp.
The white imp is heavily wounded.
The white imp gestures at you. The puff of frost hits you.
* * * LOW HITPOINT WARNING * * *
You closely miss the white imp.
The white imp is heavily wounded.
The white imp hits you but does no damage.
Aiming: Sandblast (safe; 5% risk of failure)
Press: ? - help, Q - select action, (/) - cycle Shift-Dir - straight line, f/p - white imp
Aim: a white imp (moderately wounded, 82% to hit)
The blast of sand hits the white imp!
You kill the white imp!
Unknown command.
HP restored.
Found a stone staircase leading up.
Edmund the Younger comes into view.
He is wielding a +3 dire flail of protection.
Edmund is nearby!
Edmund is nearby!
Press: ? - help, v - describe, . - travel
Here: Edmund, wielding a +3 dire flail of protection and wearing a +0 ring mail (asleep)
The floor.
Placed new exclusion.
You see here a +0 spear.
Found a stone staircase leading down.
An orc comes into view. It is wielding a +0 club.
An orc is nearby!
An orc is nearby!
The blast of sand hits the orc.
The orc is severely wounded.
The orc hits you with a +0 club.
The blast of sand hits the orc!
You kill the orc!
Things that are here:
a +0 club; an orc corpse You open the gate.
There is an open gate here.
You open the gate.
Found a sacrificial altar of Ru.
You open the gate. You open the gate.
Found a bloodstained altar of Trog.
There is an open gate here.
You open the door.
You now have 214 gold pieces (gained 17).
There is an open door here.
You open the door.
There is an open door here.
An iguana comes into view.
An iguana is nearby!
You can't see any susceptible monsters within range! (Use Z to cast anyway.)
The blast of sand hits the iguana but does no damage.
The blast of sand hits the iguana but does no damage.
The iguana bites you!
You are too injured to fight recklessly!
You are too injured to fight recklessly!
Aiming: Sandblast (safe; 5% risk of failure)
Press: ? - help, Q - select action, (/) - cycle Shift-Dir - straight line, f/p - iguana
Aim: an iguana (84% to hit)
You miscast Sandblast.
You are very lightly contaminated with residual magic.
Nothing appears to happen.
The iguana bites you!
Aiming: Sandblast (safe; 5% risk of failure)
Press: ? - help, Q - select action, (/) - cycle Shift-Dir - straight line, f/p - iguana
Aim: an iguana (84% to hit)
The blast of sand hits the iguana!
The iguana is heavily wounded.
The iguana barely misses you. The iguana closely misses you.
Aiming: Sandblast (safe; 5% risk of failure)
Press: ? - help, Q - select action, (/) - cycle Shift-Dir - straight line, f/p - iguana
Aim: an iguana (heavily wounded, 84% to hit)
The blast of sand hits the iguana but does no damage.
The iguana is heavily wounded.
The iguana bites you but does no damage.
Aiming: Sandblast (safe; 5% risk of failure)
Press: ? - help, Q - select action, (/) - cycle Shift-Dir - straight line, f/p - iguana
Aim: an iguana (heavily wounded, 84% to hit)
The blast of sand hits the iguana but does no damage.
The iguana is heavily wounded.
The iguana barely misses you. The iguana bites you!
* * * LOW HITPOINT WARNING * * *
Hop to where?
Press: ? - help, Dir - move target, p - iguana Boing!
Your magical contamination has completely faded away.
There is an open door here.
Aiming: Sandblast (safe; 5% risk of failure)
Press: ? - help, Q - select action, (/) - cycle Shift-Dir - straight line, f - iguana
Aim: an iguana (heavily wounded, 84% to hit)
The blast of sand hits the iguana.
The iguana is almost dead.
The iguana bites you.
* * * LOW HITPOINT WARNING * * *
The iguana bites you.
* * * LOW HITPOINT WARNING * * *
You barely miss the iguana.
The iguana is almost dead.
The iguana bites you!
You die...

#..#####..... +............
#..................
#..................
###............@.....
#....................
###########.......... .....
#......#..#l.......<. ....
#......#..@........... .[.
#......#..###.###.###.###.#
#......#..##...............
#......#'##..##.###.###.##.
#..........#.#...........#.
#######....#...##.###.##...
#....#.#.#.......#.#.
#......#...##.##...#.
######.#.#.#...#.#.#.


You could see an iguana.

Vanquished Creatures
  A hound (D:4)
  A gnoll bouda (D:3)
  A jelly (D:5)
  A sleepcap (D:6)
  An orc wizard (D:4)
  4 gnolls
  6 adders
  A white imp (D:5)
  A worm (D:2)
  3 dart slugs
  8 orcs
  6 ball pythons
  9 bats
  An endoplasm (D:4)
  3 giant cockroaches
  3 goblins
  2 hobgoblins
  5 jackals (D:1)
  3 kobolds
  A quokka (D:4)
  2 frilled lizards
  A goblin zombie (D:3)
  3 rats (D:2)
67 creatures vanquished.

Notes
Turn   | Place    | Note
-------+----------+-------------------------------------------
     0 | D:1      | browni3141 the Barachi Earth Elementalist began the quest
                  | for the Orb.
     0 | D:1      | Reached XP level 1. HP: 13/13 MP: 3/3
   249 | D:1      | Reached XP level 2. HP: 19/19 MP: 1/5
   708 | D:1      | Found Gistrus's Magic Scroll Shoppe.
   720 | D:1      | Bought a scroll of identify for 26 gold pieces
   835 | D:1      | Found a faded altar of an unknown god.
   914 | D:2      | Reached XP level 3. HP: 25/25 MP: 3/6
  1567 | D:2      | Reached XP level 4. HP: 32/32 MP: 5/8
  2055 | D:3      | Found a glowing silver altar of Zin.
  2056 | D:3      | Found a stormy altar of Qazlal.
  2057 | D:3      | Found a hazy altar of Hepliaklqana.
  2057 | D:3      | You fall into a shaft and drop 3 floors!
  2090 | D:6      | Reached skill level 3 in Dodging
  2090 | D:6      | Reached skill level 3 in Spellcasting
  2158 | D:5      | Entered Level 5 of the Dungeon
  2163 | D:5      | Noticed a black bear
  2177 | D:4      | Reached XP level 5. HP: 15/38 MP: 3/9
  2296 | D:4      | Found a broken altar of Ashenzari.
  2303 | D:4      | Reached skill level 3 in Maces & Flails
  2572 | D:3      | Noticed Terence
  2578 | D:3      | Learned a level 3 spell: Stone Arrow
  2581 | D:3      | Learned a level 2 spell: Passwall
  2883 | D:3      | Found a runed translucent door.
  2883 | D:3      | Noticed a human
  3148 | D:3      | Found a basalt altar of Yredelemnul.
  3815 | D:3      | Reached XP level 6. HP: 26/44 MP: 3/10
  4377 | D:5      | Noticed Edmund
  4452 | D:5      | Found a sacrificial altar of Ru.
  4458 | D:5      | Found a bloodstained altar of Trog.
  4538 | D:5      | Slain by an iguana

Illustrated notes

Levels and vault maps discovered:
D:1:      minmay_arrival_plants_in_alcoves, layout_basic, serial_shops, shop,
          chequers_ecumenical_altar_lobes, minmay_unequal
D:2:      layout_loops_corners
D:3:      layout_basic, dk_yredelemnul_ordeal, grunt_temple_overflow_open,
          uniq_terence
D:4:      layout_basic, mainiacjoe_overflow_boulevard
D:5:      layout_gridville, mainiacjoe_overflow_big_doors,
          minmay_temple_entry_glassed_door,
          nicolae_concentric_dashed_squares_wild, uniq_edmund
D:6:      layout_cave_pools, slow_altar_2

Skill      XL: |  1  2  3  4  5  6 |
---------------+-------------------+-----
Stealth        | 2 |  2.0
Maces & Flails | 1 2 3 |  3.9
Fighting       | 1 2 |  2.0
Transmutations | 2 |  2.0
Dodging        | 3 |  3.0
Spellcasting   | 3 |  3.0
Shields        | 1 2 |  2.1
Earth Magic    | |  3.7

Action                     |  1- 3 |  4- 6 || total
---------------------------+-------+-------++-------
  Melee: Unarmed           |    24 |       ||    24
         Whip              |    12 |    46 ||    58
   Cast: Sandblast         |    36 |    89 ||   125
Ability: Hop               |     1 |     3 ||     4
    Use: Scroll            |     3 |       ||     3
   Stab: Sleeping          |     1 |       ||     1
 Armour: Robe              |    15 |    24 ||    39
  Dodge: Dodged            |    48 |    52 ||   100
  Block: Buckler           |       |    15 ||    15
